 Dungeon Crawl Stone Soup version 0.32-a0-705-g60f233581c (webtiles) character file.

Game seed: 13966770778341565704

39822 mopl the Martial Artist (level 14, -6/97 HPs)
             Began as an Octopode Shapeshifter on Mar 14, 2024.
             Was an Elder of Uskayaw.
             Mangled by an elephant (19 damage)
             ... on level 1 of the Lair of Beasts.
             The game lasted 00:31:10 (17987 turns).

mopl the Martial Artist (Octopode Shapeshifter)    Turns: 17987, Time: 00:31:11

Health: -6/97      AC:  1    Str: 20    XL:     14   Next: 8%
Magic:  38/38      EV: 16    Int: 12    God:    Uskayaw [****..]
Gold:   302        SH:  8    Dex: 16    Spells: 10/13 levels left

rFire   . .          .
                       - Unarmed
rCold   . . .        S - +3 warlock's mirror {omnireflect}
rNeg    + . .        (helmet currently unavailable)
rPois   .            (no amulet)
rElec   .            p - ring of willpower
rCorr   .            t - +6 ring of strength
SInv    .            v - ring of magical power
Will    ++...        w - ring of magical power
Stlth   +++          E - ring of positive energy
HPRegen 0.36/turn    (no ring)
MPRegen 0.26/turn    (no ring)
                     (no ring)

%: reflection
@: about to teleport, beast-form
A: beast (slay +4), almost no armour, amphibious, 8 rings, camouflage 1,
gelatinous body 1, (nimble swimmer 1), tentacles
a: Begin Untransformation, Renounce Religion, Stomp, Line Pass


You were on level 1 of the Lair of Beasts.
You worshipped Uskayaw.
Uskayaw was aware of your devotion.
You were a hulking beast.
You visited 3 branches of the dungeon, and saw 15 of its levels.

You collected 2032 gold pieces.
You spent 1730 gold pieces at shops.

Inventory:

Hand Weapons
 V - a +0 scimitar of flaming
Missiles
 y - 7 poisoned darts (quivered)
 I - 7 curare-tipped darts
 J - 3 throwing nets
 P - 5 javelins
 T - 6 boomerangs
Armour
 u - a +0 hat
 G - a +2 buckler of resistance
 S - the +3 warlock's mirror (worn) {omnireflect}
   (You found it on level 11 of the Dungeon)

   Omnireflect: It can block and reflect piercing ranged attacks and magical
   attacks against the wielder's willpower.
Jewellery
 p - a ring of willpower (left tentacle)
 t - a +6 ring of strength (right tentacle)
 v - a ring of magical power (on tentacle)
 w - a ring of magical power (on tentacle)
 E - a ring of positive energy (on tentacle)
 U - a ring of ice
Talismans
 b - a beast talisman (active)
 c - a flux talisman
Wands
 n - a wand of flame (69)
 o - a wand of iceblast (18)
 F - a wand of mindburst (12)
 O - a wand of quicksilver (11)
 R - a wand of polymorph (4)
Scrolls
 d - 3 scrolls of fog
 f - 3 scrolls of enchant weapon
 g - 3 scrolls of enchant armour {unknown}
 j - 3 scrolls of torment {unknown}
 k - a scroll of amnesia
 l - 3 scrolls of blinking
 m - 7 scrolls of teleportation
 r - 3 scrolls of noise {unknown}
 s - 2 scrolls of revelation
 C - 2 scrolls of vulnerability
 K - 2 scrolls of poison
 L - a scroll of immolation
Potions
 a - 6 potions of lignification {!q}
 h - 3 potions of curing
 i - 3 potions of haste
 x - a potion of attraction
 z - a potion of might
 A - a potion of resistance
 B - a potion of enlightenment
 D - a potion of ambrosia
 M - a potion of brilliance
 N - 2 potions of berserk rage {!q}
 Q - a potion of invisibility
 X - a potion of mutation {!q}
Miscellaneous
 e - a condenser vane
 W - a lightning rod (3/4)


   Skills:
 + Level 9.1 Fighting
 + Level 4.8 Throwing
 + Level 9.2 Dodging
 + Level 3.1 Stealth
 - Level 5.0 Shields
 * Level 12.8 Unarmed Combat
 + Level 0.1 Ice Magic
 + Level 8.9 Invocations
 + Level 2.7 Evocations
 * Level 11.9 Shapeshifting


You had 10 spell levels left.
You knew the following spells:

 Your Spells              Type           Power      Damage    Failure   Level
s - Ozocubu's Armour      Ice            0%         N/A       75%         3

Your spell library contained the following spells:

 Spells                   Type           Power      Damage    Failure   Level
 Foxfire                  Conj/Fire      0%         2x1d4     38%         1
 Sting                    Conj/Alch      0%         1d3       38%         1
 Mercury Vapours          Alch/Air       0%         N/A       52%         2
 Sublimation of Blood     Necr           0%         N/A       52%         2
 Call Canine Familiar     Summ           0%         N/A       77%         3
 Dazzling Flash           Conj/Hex       0%         N/A       77%         3
 Fugue of the Fallen      Necr           0%         N/A       77%         3
 Sigil of Binding         Hex            0%         N/A       77%         3
 Summon Ice Beast         Ice/Summ       0%         N/A       77%         3
 Dimensional Bullseye     Hex/Tloc       0%         N/A       99%         4
 Manifold Assault         Tloc           0%         N/A       99%         4
 Olgreb's Toxic Radiance  Alch           0%         N/A       99%         4
 Petrify                  Alch/Erth      0%         N/A       99%         4
 Vhi's Electric Charge    Tloc/Air       0%         N/A       99%         4
 Alistair's Intoxication  Alch           0%         N/A       100%        5
 Arcjolt                  Conj/Air       0%         1d10      100%        5
 Borgnjor's Vile Clutch   Necr/Erth      0%         N/A       100%        5
 Irradiate                Conj/Alch      0%         3d11      100%        5
 Summon Mana Viper        Hex/Summ       0%         N/A       100%        5
 Eringya's Noxious Bog    Alch           0%         4d6       100%        6
 Plasma Beam              Fire/Air       0%         2x1d10    100%        6
 Starburst                Conj/Fire      0%         6d3       100%        6
 Monstrous Menagerie      Summ           0%         N/A       100%        7
 Maxwell's Capacitive Co  Air            0%         ∞         100%        8


Dungeon Overview and Level Annotations

Branches:
Dungeon (12/15)            Temple (0/1) D:6            Lair (1/5) D:9
    Orc (2/2) D:12            Elf (0/3) Orc:2

Altars:
Ashenzari
Cheibriados
Makhleb
Nemelex Xobeh
Okawaru
Qazlal
Ru
Sif Muna
Trog
Uskayaw
Wu Jian
Xom
Yredelemnul
Zin

Shops:
D:1 =   D:4 *   D:8 ?   D:10 *   Orc:2 *:[*

Annotations:
D:7 3 runed translucent doors, starts1789's ghost, novice DECj
D:8 dig, Joseph


Innate Abilities, Weirdness & Mutations

You are a hulking beast.
Your limbs bulge with bestial killing power. (Slay +4)
You cannot wear most types of armour.
You are amphibious.
You can wear up to eight rings at the same time.
Your skin changes colour to match your surroundings (Stealth+).
Your rubbery body absorbs attacks. (AC +1, EV +1)
((You are camouflaged when in or above water. (Stealth+)))
You have tentacles for arms and can constrict up to eight enemies at once.


Message History

You stumble backwards!
Uskayaw will force your foes to helplessly watch your dance.
Uskayaw prepares the audience for your solo!
The helpless elephant fails to defend itself.
You bludgeon the elephant!
The elephant is heavily wounded.
Unknown command.
The helpless elephant fails to defend itself.
You bludgeon the elephant! You squeeze the elephant!
The elephant is severely wounded.
The elephant is no longer paralysed. x3
Unknown command.
You batter the elephant!!
You kill the elephant!
Uskayaw will force your foes to share their pain.
Uskayaw links your audience in an emotional bond!
Unknown command.
You bludgeon the elephant!
The elephant is lightly wounded.
The elephant is no longer paralysed.
Unknown command.
As you read the scroll of teleportation, it crumbles to dust.
You feel strangely unstable. You block the elephant's attack.
The elephant closely misses you. x3
Unknown command.
You tentacle-slap the elephant.
You squeeze the elephant, but do no damage.
The elephant is lightly wounded.
The elephant is no longer sharing its pain.
The elephant tramples you!!
* * * LOW HITPOINT WARNING * * *
You stumble backwards!
The elephant barely misses you. You block the elephant's attack.
The elephant attacks as it pursues you! The elephant closely misses you.
The elephant misses you.
Unknown command.
The elephant is no longer sharing its pain.
The elephant attacks as it pursues you! The elephant tramples you!!
You die...
Your body falls in perfect tune with the rhythm.

##........#.#
#.......... #..........#
........... ##.........#
#.#.........
##.......###.#.......##.
##.....##..#........###
##.....#............#
##...#.............#
#.....#...........#
#..h.#............#
###Y.............##
#..#............# .
#.#Y............# # ...
##.†Y............# #
.....#.#.............##
# #....†#..........###
#.#....######P...## ####
#...##.. ###### #...


You could see 3 elephants.

Vanquished Creatures
  Gastronok (D:8)
  Azrael (D:12)
  Fannar (D:12)
  A boulder beetle (D:12)
  4 tengu warriors (D:12)
  An orc high priest (Orc:2)
  5 two-headed ogres
  An occultist (D:11)
  Sonja (Orc:1)
  Lodul (D:12)
  3 arcanists (D:11)
  A deep elf pyromancer (D:12)
  4 harpies (D:12)
  3 orc knights
  Maurice (Orc:1)
  A cyclops (D:11)
  3 orc sorcerers (Orc:1)
  A black mamba (Lair:1)
  An elephant (Lair:1)
  2 kobold blastminers (Orc:2)
  3 cane toads (Lair:1)
  A freezing wraith (D:12)
  3 komodo dragons
  Psyche (D:8)
  A polar bear (Lair:1)
  6 trolls
  6 slime creatures (D:11)
  A shadow (D:9)
  A basilisk (D:12)
  3 fire elementals (D:12)
  A steam dragon (D:7)
  5 wargs
  6 yaks (D:10)
  Grum (D:8)
  2 vampire mosquitoes (D:12)
  Edmund (D:5)
  6 water moccasins
  Duvessa (D:7)
  A hell hound (D:12)
  2 sky beasts
  A black bear (shapeshifter) (D:11)
  31 orc warriors
  7 wolves
  16 centaurs
  18 ogres
  A kobold brigand (D:7)
  3 bullfrogs
  3 gnoll sergeants
  4 scorpions
  A wyvern zombie (D:7)
  15 wights
  Dowan (D:7)
  14 killer bees
  7 howler monkeys
  A centaur zombie (D:7)
  4 hounds
  11 orc priests
  3 bombardier beetles
  Crazy Yiuf (D:2)
  A human skeleton (D:5)
  2 jellies
  3 sleepcaps (D:6)
  13 orc wizards
  An iguana (D:3)
  Natasha (thrice) (D:2)
  A hound skeleton (D:5)
  18 gnolls
  5 adders
  2 shadow imps
  A ribbon worm (D:4)
  6 dart slugs
  76 orcs
  3 bats
  2 endoplasms
  A giant cockroach (D:2)
  6 goblins
  4 hobgoblins
  2 jackals (D:5)
  11 kobolds
  3 quokkas
  9 ball pythons
  A frilled lizard (D:1)
  5 rats
410 creatures vanquished.

Notes
Turn   | Place    | Note
-------+----------+-------------------------------------------
     0 | D:1      | mopl the Octopode Shapeshifter began the quest for the Orb.
     0 | D:1      | Reached XP level 1. HP: 13/13 MP: 1/1
    90 | D:1      | Found Beuda's Jewellery Emporium.
   129 | D:1      | Reached XP level 2. HP: 18/18 MP: 2/2
   505 | D:1      | Reached XP level 3. HP: 15/23 MP: 3/3
   807 | D:2      | Noticed Natasha
   810 | D:2      | Killed Natasha
   811 | D:2      | Reached XP level 4. HP: 28/28 MP: 4/4
  1069 | D:2      | Noticed Natasha
  1078 | D:2      | Killed Natasha
  1102 | D:2      | Noticed Natasha
  1108 | D:2      | Killed Natasha
  1109 | D:2      | Reached skill level 4 in Unarmed Combat
  1109 | D:2      | Reached XP level 5. HP: 15/34 MP: 5/5
  1350 | D:2      | Found a runed translucent door.
  1351 | D:2      | Noticed Crazy Yiuf
  1357 | D:2      | Killed Crazy Yiuf
  1358 | D:2      | Reached skill level 2 in Fighting
  1563 | D:3      | Reached skill level 4 in Shapeshifting
  2096 | D:3      | Reached skill level 3 in Dodging
  2096 | D:3      | Reached XP level 6. HP: 35/40 MP: 6/6
  2172 | D:3      | You fall into a shaft and drop 2 floors!
  2172 | D:5      | Entered Level 5 of the Dungeon
  2189 | D:5      | Noticed a water moccasin
  2196 | D:5      | Killed a water moccasin
  2197 | D:5      | Reached skill level 5 in Unarmed Combat
  2221 | D:5      | Reached XP level 7. HP: 17/45 MP: 7/7
  2417 | D:5      | Reached skill level 5 in Shapeshifting
  2515 | D:4      | Reached skill level 3 in Fighting
  2579 | D:4      | Found a sacrificial altar of Ru.
  2591 | D:4      | Found a sparkling altar of Nemelex Xobeh.
  2654 | D:3      | Found an iron altar of Okawaru.
  3172 | D:4      | Found a hide-covered altar of Uskayaw.
  3191 | D:4      | Became a worshipper of Uskayaw the Reveller
  3305 | D:4      | Found Tadumpof's Assorted Antiques.
  3315 | D:4      | Bought a sapphire potion for 23 gold pieces
  3315 | D:4      | Bought an amethyst potion for 23 gold pieces
  3315 | D:4      | Bought a scroll labelled ERONGI VUGGETZ for 26 gold pieces
  3639 | D:5      | Reached * piety under Uskayaw
  3642 | D:5      | Reached ** piety under Uskayaw
  3645 | D:5      | Reached skill level 4 in Dodging
  3645 | D:5      | Reached XP level 8. HP: 38/52 MP: 8/8
  3681 | D:5      | Reached skill level 6 in Unarmed Combat
  3681 | D:5      | Reached *** piety under Uskayaw
  3763 | D:5      | Found a burning altar of Makhleb.
  3796 | D:5      | Reached skill level 1 in Invocations
  3823 | D:5      | Reached **** piety under Uskayaw
  4023 | D:5      | Reached skill level 6 in Shapeshifting
  4072 | D:5      | Noticed Edmund
  4082 | D:5      | Killed Edmund
  4083 | D:5      | Reached skill level 4 in Fighting
  4083 | D:5      | Reached skill level 2 in Invocations
  4452 | D:6      | Reached XP level 9. HP: 50/58 MP: 10/10
  4501 | D:6      | Reached skill level 7 in Unarmed Combat
  4663 | D:6      | Found an ornate altar of the Wu Jian Council.
  4705 | D:6      | Found a staircase to the Ecumenical Temple.
  5316 | D:7      | Reached skill level 5 in Dodging
  5316 | D:7      | Reached skill level 3 in Invocations
  5436 | D:7      | Noticed Dowan
  5652 | D:7      | Noticed Duvessa
  5668 | D:7      | Killed Duvessa
  5669 | D:7      | Reached skill level 7 in Shapeshifting
  5785 | D:7      | Killed Dowan
  5900 | D:7      | HP: 4/90 [poisoned by a killer bee]
  5991 | D:4      | Bought a potion of curing for 78 gold pieces
  6165 | D:7      | Reached skill level 5 in Fighting
  6395 | D:7      | Found a broken altar of Ashenzari.
  6396 | D:7      | Reached skill level 6 in Fighting
  6396 | D:7      | Reached skill level 6 in Dodging
  6396 | D:7      | Reached skill level 9 in Unarmed Combat
  6396 | D:7      | Reached skill level 5 in Invocations
  6396 | D:7      | Reached skill level 9 in Shapeshifting
  6396 | D:7      | Reached XP level 10. HP: 69/69 MP: 14/14
  6422 | D:7      | Found a glowing silver altar of Zin.
  6468 | D:7      | Found a runed translucent gate.
  6468 | D:7      | Found a runed translucent gate.
  6468 | D:7      | Found a runed translucent gate.
  6468 | D:7      | Noticed starts1789's ghost (novice DECj)
  6470 | D:7      | Found a basalt altar of Yredelemnul.
  6547 | D:7      | Found a bloodstained altar of Trog.
  6736 | D:8      | Noticed Grum
  6832 | D:8      | Killed Grum
  6833 | D:8      | Reached skill level 7 in Dodging
  6995 | D:8      | Noticed Gastronok
  7168 | D:8      | Killed Gastronok
  7169 | D:8      | Reached skill level 1 in Shields
  7169 | D:8      | Reached skill level 10 in Unarmed Combat
  7169 | D:8      | Reached skill level 6 in Invocations
  7169 | D:8      | Reached XP level 11. HP: 74/74 MP: 15/15
  7562 | D:8      | Identified the +1 helmet of the Nine Spirits {rElec rF+
                  | Will- Dex+3}
  7610 | D:8      | Reached skill level 7 in Fighting
  7622 | D:8      | Found a shimmering altar of Xom.
  7622 | D:8      | Noticed Joseph
  7773 | D:8      | Found a shimmering altar of Xom.
  7775 | D:8      | Found a shimmering altar of Xom.
  7899 | D:8      | Noticed Psyche
  7907 | D:8      | Killed Psyche
  7911 | D:8      | Found a snail-covered altar of Cheibriados.
  8038 | D:8      | Found Momocul's Magic Scroll Boutique.
  8046 | D:8      | Bought a scroll of teleportation for 42 gold pieces
  8046 | D:8      | Bought a scroll of revelation for 105 gold pieces
  8046 | D:8      | Bought a scroll of immolation for 56 gold pieces
  8046 | D:8      | Bought a scroll of identify for 28 gold pieces
  8046 | D:8      | Bought a scroll of identify for 28 gold pieces
  8284 | D:9      | Noticed a two-headed ogre
  8319 | D:9      | Killed a two-headed ogre
  8461 | D:9      | Noticed a two-headed ogre
  8575 | D:9      | Killed a two-headed ogre
  8576 | D:9      | Reached skill level 2 in Shields
  9087 | D:9      | Noticed a two-headed ogre
  9119 | D:9      | Killed a two-headed ogre
  9261 | D:9      | Found a staircase to the Lair.
  9433 | D:10     | Entered Level 10 of the Dungeon
  9467 | D:10     | Reached skill level 10 in Shapeshifting
  9474 | D:10     | Reached ***** piety under Uskayaw
  9481 | D:10     | Reached ****** piety under Uskayaw
  9489 | D:10     | Reached skill level 1 in Throwing
  9653 | D:10     | Found a stormy altar of Qazlal.
  9727 | D:10     | Found a shimmering blue altar of Sif Muna.
 10053 | D:10     | Found Eduonic's General Store.
 10279 | D:11     | Reached XP level 12. HP: 75/81 MP: 17/17
 10331 | D:11     | Reached skill level 11 in Unarmed Combat
 10331 | D:11     | Reached skill level 7 in Invocations
 10351 | D:11     | Reached skill level 3 in Shields
 10659 | D:11     | Noticed an occultist
 10664 | D:11     | Killed an occultist
 10668 | D:11     | Found the +3 warlock's mirror {omnireflect}
 10736 | D:11     | Reached skill level 2 in Throwing
 10950 | D:11     | Noticed a two-headed ogre
 10961 | D:11     | Killed a two-headed ogre
 10962 | D:11     | Reached skill level 8 in Dodging
 11094 | D:12     | Noticed Lodul
 11144 | D:12     | Noticed a two-headed ogre
 11147 | D:12     | Killed Lodul
 11287 | D:11     | Killed a two-headed ogre
 11288 | D:11     | Reached skill level 8 in Fighting
 11783 | D:12     | Reached skill level 4 in Shields
 12011 | D:12     | Found a staircase to the Orcish Mines.
 12154 | D:12     | Noticed a boulder beetle
 12169 | D:12     | Killed a boulder beetle
 12170 | D:12     | Reached skill level 3 in Throwing
 12425 | D:12     | Noticed Fannar
 12445 | D:12     | Killed Fannar
 12804 | D:12     | Reached skill level 11 in Shapeshifting
 12807 | D:12     | Noticed a tengu warrior
 12965 | D:12     | Reached XP level 13. HP: 78/89 MP: 18/18
 13003 | D:12     | Noticed Azrael
 13019 | D:12     | Killed Azrael
 13020 | D:12     | Reached skill level 8 in Invocations
 13359 | D:12     | Reached skill level 12 in Unarmed Combat
 14161 | Orc:1    | Entered Level 1 of the Orcish Mines
 14291 | Orc:2    | Entered Level 2 of the Orcish Mines
 14291 | Orc:2    | Found a staircase to the Elven Halls.
 14395 | Orc:2    | Reached skill level 4 in Throwing
 14453 | Orc:1    | Noticed Sonja
 14460 | Orc:1    | Killed Sonja
 14463 | Orc:1    | Reached skill level 5 in Shields
 14467 | Orc:1    | Reached skill level 1 in Evocations
 14785 | Orc:1    | Noticed Maurice
 14796 | Orc:1    | Killed Maurice
 15318 | Orc:2    | Reached skill level 9 in Dodging
 15318 | Orc:2    | Reached skill level 1 in Stealth
 15856 | Orc:2    | Reached skill level 2 in Evocations
 15947 | Orc:2    | Found Giuvat's Antique Armour Boutique.
 15947 | Orc:2    | Found Ladam's Book Shoppe.
 15947 | Orc:2    | Found Daduqed's General Store.
 15951 | Orc:2    | Found Teiweloa's Assorted Antiques.
 15958 | Orc:2    | Bought a scroll of fog for 44 gold pieces
 15958 | Orc:2    | Bought a scroll of identify for 22 gold pieces
 15958 | Orc:2    | Bought a scroll of identify for 22 gold pieces
 15963 | Orc:2    | Bought a metallic inky potion for 25 gold pieces
 15963 | Orc:2    | Bought a scroll labelled BADADU YDAYK for 28 gold pieces
 16388 | Orc:2    | Reached skill level 2 in Stealth
 16690 | Orc:1    | Reached skill level 9 in Fighting
 16752 | Orc:2    | Found a burning altar of Makhleb.
 16991 | Orc:2    | Identified a scroll of acquirement
 17099 | D:10     | Bought a scroll of identify for 30 gold pieces
 17099 | D:10     | Bought a scroll of identify for 30 gold pieces
 17172 | Lair:1   | Entered Level 1 of the Lair of Beasts
 17173 | Lair:1   | Acquired 404 gold pieces
 17303 | Orc:2    | Bought a condenser vane for 1120 gold pieces
 17731 | Lair:1   | Reached XP level 14. HP: 96/97 MP: 20/20
 17785 | Lair:1   | Reached skill level 3 in Stealth
 17800 | Lair:1   | Learned a level 3 spell: Ozocubu's Armour
 17987 | Lair:1   | Mangled by an elephant

Illustrated notes

Levels and vault maps discovered:
D:1:      dpeg_arrival_pond, layout_basic, serial_shops,
          nicolae_shop_back_alley_shop, minmay_hexomino_u4
D:2:      layout_basic, kennysheep_big_empty_room, nicolae_figureground_sparkle,
          uniq_natasha, uniq_crazy_yiuf_cottage
D:3:      layout_loops_ring, mainiacjoe_overflow_chevrons, hex_medium
D:4:      layout_rooms, eat_drink_and_be_merry_uskayaw, minitemple,
          serial_shops, nicolae_shop_overgrown_old_shop, patterned_corridor
D:5:      layout_cave_pods, makhleb_blood_cavern_becter, uniq_edmund
D:6:      layout_loops_ring, mainiacjoe_overflow_24_doors,
          minmay_temple_entry_overgrown, minmay_holes, nicolae_letterblocks
          [nicolae_letter_subblock, nicolae_letter_subblock,
          nicolae_letter_subblock, nicolae_letter_subblock,
          nicolae_letter_subblock, nicolae_letter_subblock,
          nicolae_letter_subblock, nicolae_letter_subblock,
          nicolae_letter_subblock, nicolae_letter_subblock,
          nicolae_letter_subblock, nicolae_letter_subblock,
          nicolae_letter_subblock, nicolae_letter_subblock,
          nicolae_letter_subblock, nicolae_letter_subblock,
          nicolae_letter_subblock, nicolae_letter_subblock,
          nicolae_letter_subblock, nicolae_letter_subblock,
          nicolae_letter_subblock, nicolae_letter_subblock,
          nicolae_letter_subblock, nicolae_letter_subblock,
          nicolae_letter_subblock]
D:7:      layout_rooms, kennysheep_mini_moat, nicolae_yredelemnul_ghost_church,
          kennysheep_mini, lemuel_crystal_altar, uniq_duvessa
D:8:      layout_loops_ring, mainiacjoe_overflow_concentric_impassable,
          xom_shifter_show, serial_shops, shop, uniq_psyche, uniq_joseph,
          uniq_gastronok, uniq_grum
D:9:      layout_roguey, lair_entry_dummy
D:10:     layout_basic, grunt_qazlal_clouds, general_overflow_altar,
          serial_shops, shop
D:11:     minmay_smoke_and_mirrors, layout_small_grid
D:12:     layout_rooms, david_orc_2, hangedman_aviary, uniq_azrael, uniq_fannar,
          uniq_lodul
Lair:1:   layout_cave_pods
Orc:1:    layout_diamond_mine, uniq_sonja, uniq_maurice
Orc:2:    st_orc_rangers, layout_caves, special_room, basic_altar

Skill      XL: |  1  2  3  4  5  6  7  8  9 10 11 12 13 14 |
---------------+-------------------------------------------+-----
Unarmed Combat | 4 5 6 9 10 11 12 | 12.8
Fighting       | 2 3 4 6 7 8 9 |  9.1
Shapeshifting  | 4 5 6 9 10 11 | 11.9
Dodging        | 3 4 6 7 8 9 |  9.2
Invocations    | 2 5 6 7 8 |  8.9
Shields        | 1 2 4 5 |  5.0
Throwing       | 1 3 4 |  4.8
Evocations     | 2 |  2.7
Stealth        | 2 3 |  3.1
Ice Magic      | |  0.1

Action                     |  1- 3 |  4- 6 |  7- 9 | 10-12 | 13-15 || total
---------------------------+-------+-------+-------+-------+-------++-------
  Melee: Unarmed           |    47 |    62 |   188 |   351 |   305 ||   953
         Constrict         |    15 |    20 |    46 |    58 |    68 ||   207
         Tentacles         |     7 |    15 |    49 |    91 |    87 ||   249
         Punch             |       |     3 |    10 |    34 |    34 ||    81
  Throw: Dart              |       |       |    13 |    45 |    11 ||    69
 Invoke: Line Pass         |       |       |       |     1 |       ||     1
  Evoke: Wand              |       |     4 |       |     6 |     4 ||    14
         Lightning rod     |       |       |       |       |     4 ||     4
    Use: Scroll            |       |     2 |     6 |     5 |    10 ||    23
         Potion            |       |     1 |     3 |       |     5 ||     9
   Stab: Sleeping          |     4 |     9 |     4 |     6 |     2 ||    25
         Distracted        |       |       |     1 |       |       ||     1
         Paralysed         |       |       |     8 |    23 |    33 ||    64
 Armour: Skin              |    19 |    31 |    79 |   141 |   146 ||   416
  Dodge: Dodged            |    23 |    21 |   111 |   182 |   157 ||   494
  Block: Buckler           |       |       |       |    86 |   129 ||   215
         Reflection        |       |       |       |       |    32 ||    32

Table legend: (Time is in decaauts)
 A = Elapsed time spent in this place.
 B = Non-inter-level travel time spent in this place.
 C = Inter-level travel time spent in this place.
 D = Time resting spent in this place.
 E = Time spent auto-exploring this place.
 F = Levels seen in this place.
 G = Mean time per level.
                   A        B        C        D        E       F      G
               +--------+--------+--------+--------+--------+-----+--------+
         Total |  17880 |  16826 |   1054 |   6694 |   6561 |  15 | 1192.0 |
       Dungeon |  14382 |  13527 |    855 |   5238 |   5726 |  12 | 1198.5 |
          Lair |    551 |    550 |      1 |    211 |    188 |   1 |  551.0 |
  Orcish Mines |   2947 |   2750 |    197 |   1245 |    647 |   2 | 1473.5 |
               +--------+--------+--------+--------+--------+-----+--------+

Top non-repeatable levels by time:
    D:12: 2248 daAuts
   Orc:2: 1912 daAuts
    D:11: 1823 daAuts
     D:6: 1496 daAuts
     D:8: 1487 daAuts
     D:5: 1308 daAuts
     D:9: 1088 daAuts
   Orc:1: 1034 daAuts
     D:3: 993 daAuts
     D:7: 941 daAuts
     D:2: 813 daAuts
    D:10: 787 daAuts
     D:4: 712 daAuts
     D:1: 680 daAuts
  Lair:1: 551 daAuts
